[ AOE2 MATCH · #505107764 ]
UnrankedJapanese vs Portuguese
Player's team · WIN
Rival team · LOSS
[ REPLAY ANALYSIS · EXTRACTED FROM THE RECORDED GAME ]
Feudal
9:26
Castle
26:27
Imperial
—
| APM avg | 50.2 |
| APM peak | 94 |
| eAPM avg | 19.9 |
| Villagers / military | 58 / 45 |
Focus
⚔️ 30.5% · 🌾 69.5%
Skirmisher ×21 · Militia ×18 · Samurai ×5 · Mangonel ×1
Feudal
9:21
Castle
28:15
Imperial
—
| APM avg | 55.2 |
| APM peak | 85 |
| eAPM avg | 21.9 |
| Villagers / military | 70 / 38 |
Focus
⚔️ 50.5% · 🌾 49.5%
Archer ×28 · Skirmisher ×9 · Mangonel ×1
Match map
Initial resources + every placement click. Lines = walls · curves = elevation contours. ◆ gold · ⬟ stone · ● berries · ✦ relic · ◌ wall gap
Your base· ✓ Closed at 26:27 · 27t walls · 1 gate(s)
LittleHog's base· Open — 4t gap
Smoothed initial terrain · ◌ = detected wall gap · hover for details
Inputs per minute
— Dr Zenit - - LittleHog
Build order — Dr Zenit
First 150 of 210 actions detected
| 0:00 | Queue | Villager (Male) |
| 0:00 | Queue | Villager (Male) |
| 0:02 | Build | House |
| 0:03 | Build | House |
| 0:27 | Queue | Villager (Male) |
| 0:27 | Queue | Villager (Male) |
| 1:28 | Queue | Villager (Male) |
| 1:44 | Build | Lumber Camp |
| 1:57 | Queue | Villager (Male) |
| 2:15 | Queue | Villager (Male) |
| 2:45 | Queue | Villager (Male) |
| 3:12 | Queue | Villager (Male) |
| 3:38 | Queue | Villager (Male) |
| 3:57 | Build | House |
| 4:08 | Build | House |
| 4:10 | Queue | Villager (Male) |
| 4:31 | Queue | Villager (Male) |
| 4:34 | Build | House |
| 4:48 | Build | Barracks |
| 5:02 | Queue | Villager (Male) |
| 5:02 | Queue | Villager (Male) |
| 5:25 | Queue | Villager (Male) |
| 6:01 | Build | House |
| 6:04 | Build | Palisade Wall |
| 6:05 | Queue | Militia |
| 6:05 | Queue | Militia |
| 6:18 | Queue | Villager (Male) |
| 6:24 | Build | Mining Camp |
| 6:28 | Research | Loom |
| 6:52 | Build | House |
| 7:16 | Research | Feudal Age |
| 7:27 | Build | Mill |
| 7:37 | Queue | Militia |
| 7:47 | Build | Mining Camp |
| 8:01 | Queue | Militia |
| 8:32 | Queue | Militia |
| 9:03 | Queue | Villager (Male) |
| 9:26 | Age | Feudal Age |
| 9:31 | Research | Man-at-Arms (upgrade) |
| 9:34 | Build | Watch Tower |
| 9:51 | Build | Farm |
| 9:51 | Build | Farm |
| 9:51 | Build | Farm |
| 9:51 | Build | Farm |
| 9:52 | Build | Farm |
| 10:04 | Queue | Militia |
| 10:06 | Queue | Villager (Male) |
| 10:31 | Research | Arson |
| 10:44 | Build | House |
| 10:58 | Queue | Villager (Male) |
| 11:04 | Build | Watch Tower |
| 11:09 | Queue | Militia |
| 11:27 | Queue | Militia |
| 11:42 | Queue | Militia |
| 11:47 | Build | Watch Tower |
| 11:55 | Queue | Villager (Male) |
| 12:04 | Queue | Militia |
| 12:13 | Build | House |
| 12:16 | Build | House |
| 12:23 | Queue | Villager (Male) |
| 12:35 | Build | Stone Wall |
| 12:41 | Build | Stone Wall |
| 12:45 | Queue | Villager (Male) |
| 12:50 | Queue | Militia |
| 13:02 | Queue | Militia |
| 13:24 | Queue | Villager (Male) |
| 13:50 | Queue | Militia |
| 14:02 | Queue | Villager (Male) |
| 14:03 | Queue | Militia |
| 14:34 | Queue | Villager (Male) |
| 14:37 | Build | Farm |
| 14:37 | Build | Farm |
| 14:37 | Build | Farm |
| 14:38 | Build | Farm |
| 14:38 | Build | Farm |
| 14:38 | Build | Farm |
| 14:38 | Build | Farm |
| 15:01 | Queue | Villager (Male) |
| 15:15 | Queue | Villager (Male) |
| 15:24 | Research | Double-Bit Axe |
| 15:32 | Queue | Militia |
| 15:35 | Queue | Villager (Male) |
| 15:40 | Build | House |
| 15:41 | Build | House |
| 15:47 | Queue | Militia |
| 15:47 | Queue | Militia |
| 16:04 | Queue | Militia |
| 16:10 | Build | Farm |
| 16:10 | Build | Farm |
| 16:11 | Build | Farm |
| 16:18 | Queue | Villager (Male) |
| 16:32 | Queue | Villager (Male) |
| 16:46 | Queue | Villager (Male) |
| 16:49 | Build | Archery Range |
| 17:06 | Build | House |
| 17:07 | Build | Palisade Wall |
| 17:09 | Build | Palisade Wall |
| 17:16 | Build | Palisade Gate |
| 17:20 | Queue | Villager (Male) |
| 17:23 | Queue | Skirmisher |
| 17:26 | Build | House |
| 17:38 | Build | Palisade Wall |
| 17:44 | Queue | Skirmisher |
| 17:59 | Build | Watch Tower |
| 17:59 | Queue | Villager (Male) |
| 18:02 | Queue | Skirmisher |
| 18:08 | Build | Farm |
| 18:15 | Queue | Skirmisher |
| 18:32 | Queue | Villager (Male) |
| 18:42 | Build | Lumber Camp |
| 18:45 | Build | Lumber Camp |
| 18:47 | Queue | Villager (Male) |
| 18:49 | Build | Farm |
| 18:49 | Build | Farm |
| 18:49 | Build | Farm |
| 18:50 | Build | Farm |
| 18:53 | Queue | Skirmisher |
| 19:11 | Build | House |
| 19:13 | Queue | Skirmisher |
| 19:24 | Queue | Villager (Male) |
| 19:37 | Build | Blacksmith |
| 19:49 | Build | Farm |
| 19:49 | Build | Farm |
| 19:49 | Build | Farm |
| 19:50 | Build | Farm |
| 19:50 | Build | Farm |
| 19:51 | Queue | Villager (Male) |
| 19:55 | Queue | Skirmisher |
| 20:06 | Research | Fletching |
| 20:13 | Build | Outpost |
| 20:22 | Queue | Skirmisher |
| 20:27 | Build | Farm |
| 20:31 | Research | Town Watch |
| 20:38 | Queue | Skirmisher |
| 21:09 | Queue | Villager (Male) |
| 21:18 | Queue | Villager (Male) |
| 21:28 | Queue | Villager (Male) |
| 21:35 | Queue | Villager (Male) |
| 21:38 | Build | Farm |
| 21:38 | Build | Farm |
| 21:38 | Build | Farm |
| 21:39 | Build | Farm |
| 21:39 | Build | Farm |
| 21:39 | Build | Farm |
| 21:39 | Build | Farm |
| 21:40 | Build | Farm |
| 21:40 | Build | Farm |
| 21:40 | Build | Farm |
| 21:40 | Build | Farm |
| 21:41 | Build | Farm |
Build order — LittleHog
First 150 of 185 actions detected
| 0:02 | Queue | Villager (Male) |
| 0:02 | Queue | Villager (Male) |
| 0:02 | Queue | Villager (Male) |
| 0:04 | Build | House |
| 0:04 | Queue | Villager (Male) |
| 0:04 | Queue | Villager (Male) |
| 0:05 | Build | House |
| 1:23 | Queue | Villager (Male) |
| 1:37 | Queue | Villager (Male) |
| 1:45 | Build | Lumber Camp |
| 2:09 | Queue | Villager (Male) |
| 2:50 | Queue | Villager (Male) |
| 3:24 | Queue | Villager (Male) |
| 3:43 | Queue | Villager (Male) |
| 3:58 | Build | House |
| 3:59 | Build | House |
| 4:02 | Queue | Villager (Male) |
| 4:29 | Queue | Villager (Male) |
| 4:35 | Queue | Villager (Male) |
| 4:40 | Queue | Villager (Male) |
| 4:55 | Build | Palisade Wall |
| 5:00 | Queue | Villager (Male) |
| 5:14 | Queue | Villager (Male) |
| 5:26 | Build | Mill |
| 5:31 | Queue | Villager (Male) |
| 5:57 | Research | Loom |
| 6:26 | Queue | Villager (Male) |
| 6:29 | Build | Palisade Wall |
| 6:45 | Queue | Villager (Male) |
| 7:09 | Build | House |
| 7:11 | Research | Feudal Age |
| 7:46 | Build | Palisade Wall |
| 8:01 | Queue | Villager (Male) |
| 8:25 | Queue | Villager (Male) |
| 8:45 | Build | Barracks |
| 9:21 | Age | Feudal Age |
| 9:23 | Queue | Villager (Male) |
| 9:26 | Research | Double-Bit Axe |
| 9:32 | Queue | Villager (Male) |
| 9:41 | Build | Archery Range |
| 9:44 | Queue | Villager (Male) |
| 9:52 | Build | House |
| 10:02 | Queue | Villager (Male) |
| 10:13 | Build | Farm |
| 10:28 | Build | Farm |
| 10:32 | Build | Farm |
| 10:34 | Queue | Skirmisher |
| 10:53 | Build | Stone Wall |
| 10:56 | Queue | Skirmisher |
| 11:03 | Build | House |
| 11:10 | Build | Watch Tower |
| 11:15 | Queue | Skirmisher |
| 11:18 | Build | Farm |
| 12:02 | Queue | Villager (Male) |
| 12:03 | Build | Farm |
| 12:30 | Queue | Villager (Male) |
| 12:31 | Queue | Skirmisher |
| 12:31 | Queue | Villager (Male) |
| 12:38 | Queue | Villager (Male) |
| 13:04 | Queue | Villager (Male) |
| 13:10 | Build | Lumber Camp |
| 13:27 | Queue | Skirmisher |
| 14:04 | Queue | Villager (Male) |
| 14:44 | Queue | Villager (Male) |
| 14:46 | Queue | Villager (Male) |
| 14:56 | Build | Mining Camp |
| 15:03 | Build | Farm |
| 15:07 | Build | House |
| 15:11 | Queue | Archer |
| 15:16 | Queue | Villager (Male) |
| 15:33 | Build | House |
| 15:34 | Queue | Villager (Male) |
| 15:36 | Build | Farm |
| 15:50 | Queue | Villager (Male) |
| 15:53 | Queue | Villager (Male) |
| 16:10 | Queue | Skirmisher |
| 16:20 | Build | Farm |
| 16:21 | Queue | Villager (Male) |
| 16:27 | Queue | Villager (Male) |
| 16:59 | Queue | Villager (Male) |
| 17:00 | Queue | Archer |
| 17:04 | Build | House |
| 17:10 | Queue | Villager (Male) |
| 17:11 | Build | Blacksmith |
| 17:29 | Build | House |
| 17:35 | Queue | Archer |
| 17:41 | Queue | Villager (Male) |
| 17:58 | Build | House |
| 17:59 | Build | House |
| 18:01 | Build | House |
| 18:04 | Queue | Archer |
| 18:07 | Queue | Villager (Male) |
| 18:11 | Build | Farm |
| 18:31 | Queue | Archer |
| 18:43 | Build | Farm |
| 18:48 | Queue | Archer |
| 18:57 | Build | Farm |
| 19:04 | Queue | Skirmisher |
| 19:32 | Queue | Skirmisher |
| 19:38 | Queue | Villager (Male) |
| 19:39 | Queue | Villager (Male) |
| 19:46 | Build | Farm |
| 20:10 | Build | Market |
| 20:17 | Queue | Villager (Male) |
| 20:34 | Queue | Archer |
| 20:51 | Queue | Skirmisher |
| 20:58 | Queue | Villager (Male) |
| 21:00 | Queue | Villager (Male) |
| 21:05 | Build | House |
| 21:08 | Build | Stone Wall |
| 21:27 | Queue | Villager (Male) |
| 21:37 | Build | Stone Wall |
| 21:39 | Queue | Villager (Male) |
| 21:43 | Build | Palisade Wall |
| 21:43 | Queue | Villager (Male) |
| 21:45 | Build | Farm |
| 21:46 | Queue | Villager (Male) |
| 21:49 | Build | Stone Wall |
| 21:52 | Queue | Archer |
| 21:54 | Build | Stone Wall |
| 21:57 | Build | House |
| 22:17 | Queue | Villager (Male) |
| 22:19 | Queue | Villager (Male) |
| 22:25 | Build | House |
| 22:29 | Build | House |
| 22:34 | Build | Lumber Camp |
| 23:18 | Queue | Archer |
| 23:19 | Queue | Villager (Male) |
| 23:19 | Queue | Villager (Male) |
| 23:52 | Queue | Villager (Male) |
| 23:57 | Queue | Villager (Male) |
| 23:58 | Build | Archery Range |
| 24:26 | Build | Stone Wall |
| 24:49 | Build | Stone Wall |
| 25:01 | Queue | Archer |
| 25:01 | Queue | Archer |
| 25:08 | Build | Farm |
| 25:13 | Research | Castle Age |
| 25:13 | Research | Castle Age |
| 25:16 | Queue | Archer |
| 25:16 | Queue | Archer |
| 25:19 | Build | Farm |
| 25:19 | Build | Farm |
| 25:24 | Queue | Archer |
| 25:38 | Build | Farm |
| 25:44 | Research | Horse Collar |
| 25:53 | Build | House |
| 26:02 | Queue | Archer |
| 26:10 | Queue | Villager (Male) |
| 26:15 | Research | Gold Mining |
Match timeline
| 4:48 | Dr Zenit · first_building Barracks |
| 4:55 | LittleHog · wall_segment Palisade Wall x3 |
| 6:04 | Dr Zenit · wall_segment Palisade Wall x2 |
| 6:29 | LittleHog · wall_segment Palisade Wall x6 |
| 7:46 | LittleHog · wall_segment Palisade Wall x9 |
| 8:45 | LittleHog · first_building Barracks |
| 9:21 | LittleHog · age_up feudal |
| 9:26 | Dr Zenit · age_up feudal |
| 9:41 | LittleHog · first_building Archery Range |
| 10:53 | LittleHog · wall_segment Stone Wall x1 |
| 12:35 | Dr Zenit · wall_segment Stone Wall x1 |
| 12:41 | Dr Zenit · wall_segment Stone Wall x1 |
| 16:49 | Dr Zenit · first_building Archery Range |
| 17:07 | Dr Zenit · wall_segment Palisade Wall x1 |
| 17:09 | Dr Zenit · wall_segment Palisade Wall x13 |
| 17:38 | Dr Zenit · wall_segment Palisade Wall x8 |
| 21:08 | LittleHog · wall_segment Stone Wall x3 |
| 21:37 | LittleHog · wall_segment Stone Wall x3 |
| 21:43 | LittleHog · wall_segment Palisade Wall x1 |
| 21:49 | LittleHog · wall_segment Stone Wall x2 |
| 21:54 | LittleHog · wall_segment Stone Wall x1 |
| 23:12 | Dr Zenit · first_market_sell 100 wood |
| 23:13 | Dr Zenit · first_market_buy 100 food |
| 24:26 | LittleHog · wall_segment Stone Wall x5 |
| 24:27 | Dr Zenit · wall_segment Palisade Wall x1 |
| 24:49 | LittleHog · wall_segment Stone Wall x1 |
| 25:03 | LittleHog · first_market_buy 100 food |
| 26:27 | Dr Zenit · age_up castle |
| 27:15 | Dr Zenit · first_building Castle |
| 28:15 | LittleHog · age_up castle |
| 28:42 | LittleHog · first_building Siege Workshop |
| 29:52 | LittleHog · first_market_sell 100 wood |
| 30:19 | Dr Zenit · first_building Siege Workshop |
| 31:07 | LittleHog · resign |
[ AI ANALYSIS · 1 CREDIT ]
What really happened in this match?
Wolo.gg analyzes every decision: build order, eco, micro, common mistakes by bracket. Personalized analysis on WhatsApp or Discord in 30 seconds.
Civ guide
Japanese
Perfil
Jugador #18933322